 Dungeon Crawl Stone Soup version 0.17-a0-2122-g03d97ec (webtiles) character file.

683 KINGKRU the Chopper (level 7, -1/61 HPs)
             Began as a Hill Orc Fighter on Oct 21, 2015.
             Was an Initiate of Yredelemnul.
             Slain by Pikel
             ... wielding a +0 whip of electrocution
              (2 damage)
             ... on level 7 of the Dungeon.
             The game lasted 00:18:09 (4948 turns).

KINGKRU the Chopper (Hill Orc Fighter)              Turns: 4948, Time: 00:18:09

Health: -1/61      AC:  7    Str: 26    XL:     7   Next: 61%
Magic:  0/7        EV:  9    Int:  8    God:    Yredelemnul [......]
Gold:   266        SH: 10    Dex: 10    Spells: 0 memorised, 6 levels left

rFire  . . .     SeeInvis .     a - +0 war axe
rCold  . . .     Clarity  .     b - +0 scale mail
rNeg   . . .     SustAt   .     c - +0 shield
rPois  .         Gourm    .     (no helmet)
rElec  .         Spirit   +     (no cloak)
rCorr  .         Warding  .     (no gloves)
rMut   .         Stasis   .     (no boots)
MR     .....                    r - amulet of guardian spirit
Stlth  ..........               (no ring)
                                (no ring)

@: mighty, not resistant to hostile enchantments, extremely unstealthy
A: no striking features
a: Renounce Religion


You were on level 7 of the Dungeon.
You worshipped Yredelemnul.
Yredelemnul was noncommittal.
You were not hungry.

You visited 1 branch of the dungeon, and saw 7 of its levels.

You collected 357 gold pieces.
You spent 91 gold pieces at shops.

Inventory:

Hand Weapons
 a - a +0 war axe (weapon)
Armour
 b - a +0 scale mail (worn)
 c - a +0 shield (worn)
Jewellery
 r - an amulet of guardian spirit (around neck)
Scrolls
 g - 2 scrolls of remove curse {unknown}
 h - 5 scrolls of identify
 i - 2 scrolls of teleportation {unknown}
 l - 3 scrolls of random uselessness {unknown}
 m - a scroll of noise {unknown}
 p - 2 scrolls of blinking {unknown}
 u - a scroll of recharging {unknown}
 v - 2 scrolls of enchant weapon {unknown}
 x - a scroll of amnesia {unknown}
 y - a scroll of enchant armour {unknown}
Potions
 f - a potion of heal wounds
 n - a potion of brilliance
 o - a potion of haste {unknown}
 q - 2 potions of curing {unknown}
 s - a potion of lignification {unknown}
 w - a potion of flight {unknown}
Comestibles
 e - 2 bread rations
 j - a slice of pizza
 k - a beef jerky
 t - 3 meat rations


   Skills:
 + Level 5.0 Fighting
 + Level 5.5 Axes
 + Level 5.4 Armour
 + Level 2.8 Dodging
 + Level 0.1 Stealth
 + Level 5.0 Shields


You had 6 spell levels left.
You didn't know any spells.

Dungeon Overview and Level Annotations

Branches:
Dungeon (7/15)
 Temple: D:4-7

Altars:
Ru
Yredelemnul

Shops:
D:5 *

Annotations:
D:7 Pikel, Prince Ribbit


Message History

Unknown command.
You slash the slave!
You kill the slave!
That felt strangely unrewarding.
You slash Pikel!
Pikel is moderately wounded.
Your shield and scale mail prevent you from hitting the slave.
The slave is almost dead.
You closely miss the slave.
The slave is severely wounded.
You closely miss the slave.
The slave is heavily wounded.
Pikel hits you but does no damage. The slave barely misses you.
You block the slave's attack. x2
The slave closely misses you. Pikel hits you but does no damage.
You block the slave's attack. The slave hits you.
* * * LOW HITPOINT WARNING * * *
Pikel hits you with a whip of electrocution.
You die...
Your body rises from the dead as a mindless zombie.

#.#.. .# ####.#.###.
..#?..... #.Y....
#.....# #.....# #.l...#
#.Kp..# ####.
#.@pp.###.....
#####........#
#####.....(..#
#...'........#
#####........#
########.............
#.##....################
#.###.#.####### #....##
#.# #.#.......# #.#...#


You could see Pikel, an ice beast, 3 slaves and a giant gecko.

Vanquished Creatures
  An ogre (D:5)
  A slave (D:7)
  2 centaurs (D:5)
  3 scorpions
  A crimson imp (D:5)
  A jelly (D:5)
  A hound (D:7)
  A centaur skeleton (D:7)
  A giant frog skeleton (D:4)
  An iguana (D:5)
  A worker ant (D:4)
  4 adders
  2 shadow imps
  4 giant geckos
  5 orcs
  4 bats
  2 gnoll zombies (D:4)
  7 hobgoblins
  7 jackals
  4 kobolds
  A ball python (D:1)
  3 giant cockroaches
  A giant gecko zombie (D:5)
  3 giant newts
  4 goblins
  A jackal zombie (D:5)
  2 quokkas
  5 rats
  A fungus (D:5)
74 creatures vanquished.

Notes
Turn   | Place    | Note
--------------------------------------------------------------
     0 | D:1      | KINGKRU the Hill Orc Fighter began the quest for the Orb.
     0 | D:1      | Reached XP level 1. HP: 19/19 MP: 1/1
   207 | D:1      | Reached XP level 2. HP: 25/27 MP: 2/2
   599 | D:2      | Reached XP level 3. HP: 19/33 MP: 3/3
  1273 | D:3      | Reached skill level 1 in Dodging
  1513 | D:3      | Reached XP level 4. HP: 38/40 MP: 0/4
  1682 | D:3      | Reached skill level 4 in Fighting
  1952 | D:4      | Reached XP level 5. HP: 27/46 MP: 5/5
  2557 | D:4      | Found a basalt altar of Yredelemnul.
  2565 | D:4      | Became a worshipper of Yredelemnul the Dark
  2590 | D:5      | Entered Level 5 of the Dungeon
  2989 | D:5      | Found Dent's General Store.
  2992 | D:5      | Bought a meat ration for 65 gold pieces
  2992 | D:5      | Bought a scroll of identify for 26 gold pieces
  3083 | D:5      | Noticed a centaur
  3095 | D:5      | Killed a centaur
  3095 | D:5      | Reached XP level 6. HP: 41/53 MP: 4/6
  3564 | D:5      | Noticed an ogre
  3574 | D:5      | Killed an ogre
  3574 | D:5      | Reached skill level 5 in Axes
  3790 | D:5      | Reached skill level 5 in Armour
  3790 | D:5      | Reached XP level 7. HP: 53/60 MP: 7/7
  4012 | D:5      | Noticed a centaur
  4026 | D:5      | Killed a centaur
  4365 | D:6      | Found a sacrificial altar of Ru.
  4444 | D:7      | Reached skill level 5 in Fighting
  4444 | D:7      | Reached skill level 5 in Shields
  4496 | D:7      | Noticed Prince Ribbit
  4936 | D:7      | Noticed Pikel
  4948 | D:7      | HP: 1/61 [slave[Pikel] (4)]
  4948 | D:7      | Slain by Pikel

Vault maps used:
D:1:      mrwooster_arrival_statue_2, serial_bayou_crossing
D:2:      old_standard_altar, kennysheep_big_empty_room, grunt_decor_arrowhead
D:3:      first_bread
D:4:      lemuel_zombie_altar_yredelemnul, minmay_temple_entry_poolview,
          nicolae_ossuary_entry_monument, serial_shops, kennysheep_little_box
D:5:      serial_shops, kennysheep_mini_moat, hangedman_abyss_or_decor_passed,
          small_statue_intersection, minivault_24, minmay_gold_behind_fungi
D:6:      nicolae_ru_awakened_eye, uniq_eustachio
D:7:      uniq_prince_ribbit1, uniq_crazy_yiuf_cottage, uniq_menkaure,
          uniq_pikel

Action                   |  1- 3 |  4- 6 |  7- 9 || total
-------------------------+-------+-------+-------++-------
Melee: War axe           |   139 |   111 |   100 ||   350
  Use: Potion            |       |       |     3 ||     3
  Eat: Bread ration      |     1 |     2 |       ||     3
